 Dungeon Crawl Stone Soup version 0.19.1-1-g22dce08 (webtiles) character file.

261 Queen the Cudgeler (level 6, -8/37 HPs)
             Began as a Gargoyle Fighter on Jan 15, 2017.
             Killed from afar by Dowan (15 damage)
             ... with a shard of ice
             ... on level 4 of the Dungeon.
             The game lasted 00:09:26 (3775 turns).

Queen the Cudgeler (Gargoyle Fighter)               Turns: 3775, Time: 00:09:27

Health: -8/37      AC: 11    Str: 19    XL:     6   Next: 18%
Magic:  6/6        EV:  8    Int: 11    God:
Gold:   98         SH: 10    Dex: 11    Spells: 0 memorised, 5 levels left

rFire  . . .     SeeInvis .     g - +1 flail (distort)
rCold  . . .     Gourm    .     C - +1 ring mail of the Arcane {+Blink Int+2 Stlth+}
rNeg   + . .     Faith    .     c - +1 shield
rPois  ∞         Spirit   .     (no helmet)
rElec  +         Reflect  .     (no cloak)
rCorr  .         Harm     .     (no gloves)
MR     .....                    (no boots)
Stlth  ++........               (no amulet)
                                (no ring)
                                (no ring)

@: no status effects
A: negative energy resistance 1, electricity resistance, unbreathing,
petrification resistance, rot immunity, AC +4
a: Evoke Blink


You were on level 4 of the Dungeon.
You were not hungry.

You visited 1 branch of the dungeon, and saw 4 of its levels.

You collected 293 gold pieces.
You spent 195 gold pieces at shops.

Inventory:

Hand Weapons
 a - a +1 flail
 g - a +1 flail of distortion (weapon)
Armour
 b - a +0 scale mail
 c - a +1 shield (worn)
 C - the +1 ring mail of the Arcane (worn) {+Blink Int+2 Stlth+}
   (You found it on level 4 of the Dungeon)

   It affects your intelligence (+2).
   It lets you blink.
   It makes you more stealthy.
Rods
 q - a -2 iron rod (11/11)
   (You found it on level 3 of the Dungeon)
Jewellery
 k - an uncursed ring of protection from magic {unknown}
 p - a +5 ring of intelligence {unknown}
 r - an uncursed ring of see invisible {unknown}
 w - a +3 ring of dexterity {unknown}
 y - a cursed ring of fire {unknown}
Wands
 m - a wand of lightning (7/15)
 A - a wand of enslavement (10/24)
Scrolls
 i - a scroll of random uselessness {unknown}
 j - a scroll of enchant weapon
 o - 2 scrolls of recharging {unknown}
 t - 2 scrolls of remove curse
 v - a scroll of blinking {unknown}
 x - 3 scrolls of identify
 B - a scroll of amnesia {unknown}
Potions
 d - a potion of ambrosia {unknown}
 e - a potion of degeneration {unknown}
 f - a potion of heal wounds {unknown}
 h - 3 potions of flight {unknown}
 n - 2 potions of haste {unknown}
 s - a potion of resistance {unknown}
 u - a potion of magic {unknown}
Comestibles
 l - 5 meat rations
 z - 3 bread rations


   Skills:
 - Level 3.2 Fighting
 + Level 6.3 Maces & Flails
 - Level 3.2 Armour
 - Level 3.2 Shields


You had 5 spell levels left.
You didn't know any spells.

Dungeon Overview and Level Annotations

Branches:
Dungeon (4/15)
 Temple: D:4-7

Altars:

Shops:
D:4 %

Annotations:
D:4 Dowan


Innate Abilities, Weirdness & Mutations

You are resistant to torment.
Your stone body is resilient. (AC +4)
You are immune to poison.
You resist negative energy. (rN+)
You are resistant to electric shocks. (rElec)
You can survive without breathing.
You are immune to petrification.
You are immune to rotting.


Message History

Dowan hits you but does no damage.
Dowan mumbles some strange words.
Dowan blinks!
Dowan gestures at you while chanting. The shard of ice hits you!
Dowan hits you but does no damage.
You barely miss Dowan.
Dowan is moderately wounded.
Dowan casts a spell at you. The stone arrow hits you!
* * * LOW HITPOINT WARNING * * *
You block Dowan's attack.
You are too injured to fight recklessly!
You are too injured to fight recklessly!
You are too injured to fight recklessly!
Dowan hits you but does no damage.
Dowan breathes, "And she was my only..."
Dowan gestures at you while chanting. The shard of ice hits you!
You die...

...................######.
##...####)...######## #.
.............# #.
#.......#'### #.
#.......#'#### #.
.............# #. #
#..........#
#.##....e.....#
#........#@####
..####...###)#
.........'...#
######...##### #....#
###....## #.....e.#
#.......# #.......#


You could see Dowan.

Vanquished Creatures
  Duvessa (D:4)
  A worker ant (D:4)
  3 gnolls (D:3)
  2 adders (D:3)
  An adder skeleton (D:4)
  2 worms
  3 dart slugs
  4 leopard geckos
  6 orcs (D:3)
  3 giant cockroaches
  11 goblins
  6 hobgoblins
  4 jackals (D:1)
  A quokka (D:3)
  2 ball pythons
  3 bats (D:3)
  A frilled lizard (D:1)
  9 kobolds
  8 rats
71 creatures vanquished.

Notes
Turn   | Place    | Note
-------+----------+-------------------------------------------
     0 | D:1      | Queen the Gargoyle Fighter began the quest for the Orb.
     0 | D:1      | Reached XP level 1. HP: 14/14 MP: 1/1
     5 | D:1      | Noticed an electric eel
    91 | D:1      | Reached XP level 2. HP: 8/19 MP: 2/2
   318 | D:1      | Reached skill level 3 in Maces & Flails
   696 | D:1      | Reached XP level 3. HP: 19/23 MP: 3/3
  1642 | D:2      | Reached skill level 4 in Maces & Flails
  1801 | D:3      | Reached XP level 4. HP: 25/28 MP: 4/4
  2886 | D:3      | Reached skill level 5 in Maces & Flails
  2890 | D:3      | Reached XP level 5. HP: 29/32 MP: 5/5
  3453 | D:4      | Found Fakk's Food Shop.
  3461 | D:4      | Bought a bread ration for 65 gold pieces
  3461 | D:4      | Bought a bread ration for 65 gold pieces
  3461 | D:4      | Bought a bread ration for 65 gold pieces
  3580 | D:4      | Got a bloodstained ring mail
  3591 | D:4      | Identified the +1 ring mail of the Arcane {+Blink Int+2 Stlth+} (You found it on level 4 of the Dungeon)
  3726 | D:4      | Noticed Dowan
  3727 | D:4      | Noticed Duvessa
  3761 | D:4      | Killed Duvessa
  3761 | D:4      | Reached skill level 6 in Maces & Flails
  3761 | D:4      | Reached XP level 6. HP: 31/37 MP: 6/6
  3775 | D:4      | Killed from afar by Dowan

Skill      XL: |  1  2  3  4  5 |
---------------+----------------+-----
Maces & Flails | 3 4 5 6 |  6.3
Fighting       | |  3.2
Armour         | |  3.2
Shields        | |  3.2

Action                   |  1- 3 |  4- 6 || total
-------------------------+-------+-------++-------
Melee: Flail             |   167 |   117 ||   284
  Use: Potion            |     1 |       ||     1
       Scroll            |       |     7 ||     7
  Eat: Chunk             |     3 |     2 ||     5
       Bread ration      |       |     1 ||     1
Armor: Scale mail        |    69 |    40 ||   109
       Ring mail         |       |     7 ||     7
Dodge: Dodged            |    63 |    39 ||   102
Block: Shield            |    84 |    64 ||   148
